Map: Eastwatch LE

Players

PappiJoe - Winner!

  • Race: Protoss Protoss
  • Spawn Location: 7:00

Swing

  • Race: Zerg Zerg
  • Spawn Location: 1:00

Event: WCS Leipzig 2018

VOD

Have the link to the VOD?

Description

Time

  • Played on: Jan. 26, 2018, 7:37 a.m.
  • Length: 9:53

All games in this series

Show
View Real Time Build Order
Export as new Build Order

PappiJoe Protoss - Winner!

Build Orders: 1 Gate Expand, Zealot Archon, Archon Drop 

Get SALT Encoding   

  12  0:01  Probe  
  13  0:13  Probe  
  14  0:19  Pylon  
  14  0:25  Probe  
  15  0:37  Gateway  
  15  0:39  Probe (Chrono Boost)  
  16  0:49  Assimilator  
  17  0:50  Probe (Chrono Boost)  
  17  0:54  Probe (Chrono Boost)  
  18  1:05  Probe  
  19  1:17  Probe  
  20  1:26  Nexus  
  20  1:36  Cybernetics Core  
  20  1:39  Probe  
  21  1:45  Assimilator  
  21  1:51  Probe  
  22  1:57  Pylon  
  22  2:03  Probe  
  23  2:09  Warp Gate (Chrono Boost)  
  23  2:14  Adept (Chrono Boost)  
  23  2:15  Probe  
  26  2:23  Twilight Council  
  26  2:28  Probe  
  27  2:32  Stalker  
  29  2:39  Probe (Chrono Boost)  
  31  2:45  Probe (Chrono Boost)  
  31  2:49  Probe (Chrono Boost)  
  32  2:51  Gateway  
  32  2:53  Probe (Chrono Boost)  
  32  2:54  Probe (Chrono Boost)  
  34  3:01  Charge  
  34  3:04  Probe  
  35  3:09  Probe  
  36  3:16  Probe  
  36  3:18  Adept  
  39  3:24  Gateway  
  39  3:26  Probe, Gateway  
  40  3:30  Probe  
  41  3:39  Probe  
  42  3:42  Probe  
  42  3:44  Pylon  
  43  3:49  Pylon  
  43  3:51  Probe, Pylon  
  43  3:54  Probe  
  43  3:55  Assimilator  
  45  3:58  Assimilator  
  45  4:03  Probe  
  45  4:08  Zealot x2  
  50  4:12  Robotics Facility  
  50  4:13  Probe  
  51  4:18  Probe  
  52  4:24  Zealot x2  
  52  4:25  Probe  
  52  4:30  Probe  
  58  4:34  Pylon  
  58  4:36  Zealot x2  
  62  4:45  Zealot x2  
  66  4:48  Pylon  
  66  4:52  Templar Archives  
  66  4:55  Forge  
  66  4:59  Warp Prism (Chrono Boost)  
  68  5:16  Sentry x2  
  68  5:18  Pylon  
  72  5:26  Protoss Ground Weapons Level 1 (Chrono Boost)  
  68  5:35  Gateway  
  68  5:36  Gateway  
  68  5:38  Gateway  
  68  5:40  Observer (Chrono Boost), Gateway  
  69  5:53  Immortal (Chrono Boost)  
  69  5:54  High Templar  
  69  5:55  High Templar x3  
  81  6:00  Archon  
  81  6:04  Archon  
  81  6:21  Immortal (Chrono Boost)  
  85  6:27  Zealot  
  85  6:28  Zealot x3  
  79  6:54  Robotics Bay  
  79  6:57  Immortal (Chrono Boost)  
  79  6:59  Zealot x3  
  79  7:00  Zealot x2  
  83  7:09  Nexus  
  83  7:11  Pylon x2  
  83  7:12  High Templar x2  
  83  7:14  Zealot x3  
  93  7:17  Archon  
  93  7:20  Pylon  
  93  7:31  Colossus (Chrono Boost)  
  93  7:34  Probe x2  
  93  7:36  Nexus  
  91  7:37  Extended Thermal Lance (Chrono Boost)  
  97  7:46  Probe x2  
  97  7:50  Sentry x2  
  102  7:52  Zealot  
  102  7:53  Zealot x2  
  102  7:54  Zealot  
  108  8:01  Zealot x2  
  96  8:16  Probe x2  
  97  8:21  Colossus (Chrono Boost)  
  103  8:28  Probe x2  
  105  8:40  Probe x2  
  107  8:42  Pylon  
  107  8:44  Pylon  
  107  8:49  High Templar x2  
  107  8:51  Zealot x2  
  115  8:55  Archon  
  115  9:08  Colossus (Chrono Boost)  
  107  9:17  Zealot x6  
  117  9:31  Probe x3  
  118  9:34  Assimilator  
  118  9:36  Assimilator  
  120  9:43  Zealot x7  
Show
View Real Time Build Order
Export as new Build Order

Swing Zerg 

Build Orders: Hatch First 

Get SALT Encoding   

  12  0:02  Drone  
  13  0:13  Overlord  
  13  0:17  Drone  
  14  0:31  Drone x2  
  14  0:35  Drone  
  17  0:52  Hatchery  
  17  0:55  Drone  
  17  0:59  Drone  
  18  1:09  Extractor  
  17  1:14  Spawning Pool  
  17  1:17  Drone  
  17  1:20  Drone  
  18  1:32  Drone  
  19  1:43  Overlord  
  19  2:03  Zergling x4, Queen  
  19  2:04  Queen  
  19  2:05  Zergling x2  
  26  2:10  Metabolic Boost  
  26  2:12  Drone  
  26  2:15  Drone  
  28  2:22  Drone  
  29  2:26  Drone  
  30  2:33  Drone  
  31  2:38  Queen  
  31  2:41  Drone  
  31  2:43  Overlord  
  34  2:47  Drone  
  35  2:54  Drone  
  36  2:59  Hatchery  
  36  3:04  Drone  
  36  3:06  Drone  
  36  3:10  Drone  
  38  3:17  Drone  
  38  3:18  Drone  
  38  3:19  Drone  
  41  3:23  Overlord  
  41  3:25  Drone  
  44  3:27  Drone x2  
  44  3:32  Lair  
  44  3:36  Drone, Extractor  
  44  3:38  Drone, Extractor  
  44  3:44  Drone x4  
  44  3:48  Spore Crawler  
  47  4:01  Drone x2  
  49  4:04  Drone  
  49  4:07  Drone x2  
  52  4:12  Overlord  
  52  4:15  Overlord  
  52  4:25  Baneling Nest  
  52  4:29  Queen  
  53  4:35  Drone x2  
  53  4:36  Drone, Hydralisk Den  
  55  4:38  Drone x2  
  55  4:39  Drone  
  55  4:40  Extractor  
  55  4:41  Zergling x6  
  55  4:42  Zergling x4  
  62  4:46  Zergling x2  
  62  4:50  Zergling x6  
  66  5:01  Spine Crawler  
  66  5:03  Spine Crawler, Zergling x2  
  66  5:04  Zergling x2  
  66  5:09  Muscular Augments  
  66  5:10  Baneling x6  
  66  5:13  Overlord x2  
  64  5:24  Hydralisk  
  62  5:34  Drone x3  
  64  5:41  Hydralisk  
  64  5:42  Hydralisk x5  
  76  5:58  Overlord  
  76  6:00  Baneling x4  
  76  6:03  Hatchery  
  74  6:13  Hydralisk  
  74  6:15  Overlord  
  74  6:17  Hydralisk  
  74  6:18  Hydralisk x3  
  80  6:20  Spine Crawler  
  80  6:21  Overlord  
  82  6:37  Hydralisk x2  
  82  6:38  Zergling x8  
  81  6:41  Zergling x4  
  77  6:49  Hydralisk  
  77  6:50  Zergling x2  
  77  7:04  Zergling x2  
  77  7:05  Zergling x4  
  79  7:09  Zergling x4  
  81  7:18  Drone x3  
  74  7:32  Zergling x6  
  74  7:33  Zergling x6  
  71  7:37  Zergling x4  
  71  7:40  Drone x2  
  75  7:45  Baneling x2  
  75  7:46  Baneling x3  
  75  7:48  Zergling x2  
  70  8:04  Hydralisk x3  
  70  8:05  Zergling x4  
  59  8:14  Zergling x4  
  59  8:15  Zergling x4  
  58  8:21  Zergling x6  
  58  8:22  Zergling x2  
  60  8:28  Baneling x4  
  60  8:29  Baneling x3  
  60  8:30  Zergling x2  
  60  8:33  Hydralisk  
  61  8:39  Hydralisk  
  63  8:46  Lurker Den  
  63  8:47  Hydralisk  
  65  8:48  Zergling x2  
  65  8:50  Zergling x2  
  66  8:56  Hydralisk  
  66  9:02  Hydralisk  
  59  9:03  Zergling x2  
  59  9:04  Zergling x2  
  52  9:12  Hydralisk  
  52  9:13  Zergling x2  
  48  9:19  Zergling x2  
  48  9:22  Zergling x2  
  37  9:30  Zergling x2  
Tags
 
Add a new tag
Caveats
  • Supply blocks, unpowered buildings, or Contaminate may cause inaccurate times.
  • Supply counts are checked every 10 seconds.